Map: Alcyone LE

Players

SubN

  • Race: Zerg Zerg
  • League: Diamond
  • Spawn Location: 7:00

HABA - Winner!

  • Race: Terran Terran
  • League: Diamond
  • Spawn Location: 1:00

VOD

Have the link to the VOD?

Description

Time

  • Played on: Dec. 25, 2023, 1:03 a.m.
  • Length: 19:46
Show
View Real Time Build Order
Export as new Build Order

SubN Zerg 

Build Orders: Pool First 

Get SALT Encoding   

  12  0:00  Drone  
  13  0:12  Overlord  
  13  0:18  Drone  
  14  0:35  Drone x2  
  16  0:44  Drone  
  16  0:49  Extractor  
  16  0:59  Drone  
  16  1:01  Spawning Pool  
  16  1:20  Hatchery  
  16  1:22  Drone  
  16  1:23  Drone  
  17  1:29  Overlord  
  17  1:44  Drone  
  18  1:49  Queen  
  18  1:52  Metabolic Boost  
  20  2:00  Zergling x2  
  21  2:02  Zergling x2  
  22  2:14  Zergling x2  
  23  2:22  Zergling x2  
  24  2:31  Queen  
  26  2:37  Queen  
  26  2:39  Drone x2  
  30  2:45  Drone  
  30  2:46  Drone  
  32  2:58  Drone x4  
  36  3:04  Overlord  
  36  3:08  Overlord  
  36  3:23  Drone x3  
  39  3:39  Drone x3  
  42  3:45  Baneling Nest  
  42  3:46  Queen  
  43  3:49  Drone  
  43  3:50  Overlord  
  43  3:52  Overlord  
  43  3:54  Lair  
  44  4:08  Hatchery  
  43  4:15  Drone x6  
  49  4:32  Extractor  
  49  4:33  Drone x6  
  49  4:34  Extractor  
  53  4:43  Queen  
  53  4:44  Drone x2  
  53  4:45  Drone x2  
  59  4:48  Extractor  
  59  4:52  Centrifugal Hooks  
  58  4:58  Pneumatized Carapace  
  59  5:00  Drone  
  59  5:09  Drone  
  59  5:10  Overlord x2  
  59  5:11  Overlord  
  60  5:25  Evolution Chamber  
  60  5:27  Evolution Chamber  
  58  5:29  Overseer  
  58  5:35  Drone x9  
  67  5:37  Queen  
  67  5:38  Drone  
  67  5:39  Drone  
  67  5:40  Queen  
  73  5:49  Spore Crawler  
  72  6:00  Zergling x2  
  72  6:01  Zergling x16  
  81  6:04  Baneling  
  81  6:05  Baneling x7  
  81  6:16  Zerg Melee Weapons Level 1  
  81  6:20  Zerg Missile Weapons Level 1  
  81  6:22  Drone x9  
  90  6:26  Extractor x2  
  88  6:37  Drone x2  
  88  6:39  Overlord x4  
  84  7:29  Drone  
  85  7:35  Hydralisk Den  
  84  7:39  Infestation Pit  
  84  7:40  Hatchery  
  84  7:41  Drone x2  
  84  7:42  Drone x2  
  84  7:44  Zergling x16  
  87  7:47  Overseer  
  94  8:04  Muscular Augments  
  94  8:05  Hydralisk x5  
  104  8:19  Overlord x6  
  104  8:24  Drone  
  105  8:30  Baneling x8  
  105  8:31  Baneling x4  
  104  9:02  Queen  
  90  9:04  Drone x14  
  90  9:08  Grooved Spines  
  90  9:09  Hive  
  106  9:15  Zerg Melee Weapons Level 2, Zerg Missile Weapons Level 2  
  106  9:25  Drone x3  
  106  9:26  Drone x5  
  106  9:28  Hatchery  
  106  9:30  Extractor  
  112  9:32  Extractor  
  112  9:38  Hydralisk x5  
  111  9:39  Hydralisk x5  
  131  9:46  Zergling x6  
  134  9:56  Spore Crawler x2  
  132  10:02  Drone  
  132  10:03  Infestor x5  
  132  10:04  Infestor x3  
  149  10:09  Neural Parasite  
  149  10:16  Overlord x2  
  149  10:17  Overlord x2  
  149  10:36  Nydus Network, Overseer  
  145  10:55  Hydralisk x2  
  145  10:56  Hydralisk x3  
  155  10:58  Overlord x3  
  155  10:59  Overlord  
  155  11:03  Queen  
  157  11:05  Drone x2  
  157  11:06  Drone x2  
  161  11:31  Zerg Ground Armor Level 1  
  161  11:33  Zergling x2  
  161  11:34  Zergling x54  
  166  11:56  Drone x7  
  171  12:04  Baneling x2  
  171  12:05  Zergling x2, Baneling x12  
  171  12:06  Zergling x20  
  182  12:22  Drone x3  
  185  12:23  Drone x3  
  185  12:27  Queen  
  190  12:38  Hatchery  
  190  12:43  Unknown  
  111  13:23  Hydralisk  
  111  13:24  Hydralisk x18  
  111  13:26  Zergling x2  
  140  13:27  Zergling x26  
  153  13:40  Adrenal Glands  
  153  13:41  Zerg Melee Weapons Level 3  
  153  13:42  Zerg Missile Weapons Level 3  
  153  13:50  Baneling  
  153  13:51  Baneling x9, Viper  
  153  13:52  Viper x4  
  168  13:56  Overseer  
  168  13:57  Overseer  
  168  14:03  Zergling x2  
  168  14:04  Zergling x36  
  187  14:18  Baneling  
  187  14:19  Baneling x17  
  187  14:20  Zergling x20  
  197  14:25  Extractor  
  197  14:27  Extractor  
  144  15:06  Queen  
  128  15:08  Hydralisk  
  128  15:09  Hydralisk x9  
  139  15:15  Zergling x8  
  139  15:16  Zergling x48  
  164  15:25  Zergling x8  
  164  15:26  Zergling x6  
  138  15:43  Hydralisk  
  138  15:44  Hydralisk x11  
  147  15:51  Hydralisk  
  147  15:52  Hydralisk x13  
  164  16:12  Drone x3  
  164  16:13  Drone x2  
  164  16:14  Drone x6  
  164  16:18  Zerg Ground Armor Level 2  
  175  16:33  Overlord x3  
  175  16:43  Hatchery  
  111  17:20  Spire  
  111  17:21  Hydralisk x13  
  111  17:22  Hydralisk x3  
  142  17:26  Zergling x2  
  142  17:27  Zergling x30  
  158  17:35  Ultralisk Cavern  
  157  17:57  Hatchery  
  156  18:00  Baneling  
  156  18:01  Baneling x16  
  156  18:02  Baneling x9  
  156  18:04  Overlord  
  156  18:07  Overlord  
  154  18:16  Zergling x14  
  154  18:17  Zergling x30  
  130  18:35  Corruptor x5  
  130  18:36  Corruptor x9  
  150  18:42  Corruptor x10  
  170  19:02  Spire  
  169  19:13  Hatchery  
  169  19:15  Corruptor  
  169  19:16  Corruptor x7  
  184  19:20  Unknown  
  182  19:31  Hatchery, Extractor  
Show
View Real Time Build Order
Export as new Build Order

HABA Terran - Winner!

Build Orders: Mech 

Get SALT Encoding   

  12  0:00  SCV  
  13  0:12  SCV  
  14  0:19  Supply Depot  
  14  0:24  SCV  
  15  0:40  SCV  
  15  0:42  Refinery  
  16  0:45  Barracks  
  16  0:53  SCV  
  17  1:05  SCV  
  18  1:17  SCV  
  18  1:18  Refinery  
  19  1:29  SCV  
  20  1:33  Supply Depot  
  20  1:41  SCV  
  20  1:45  Factory  
  21  1:53  SCV  
  22  2:08  Command Center  
  22  2:09  Barracks Reactor  
  22  2:11  SCV  
  23  2:23  SCV  
  23  2:28  Factory Tech Lab  
  24  2:37  Starport  
  24  2:39  Orbital Command  
  24  2:51  Supply Depot  
  24  2:59  Siege Tank  
  24  3:03  Marine x2  
  29  3:07  SCV  
  30  3:19  Viking, SCV  
  33  3:28  Orbital Command  
  33  3:39  Cyclone  
  35  3:49  Factory  
  35  3:50  SCV  
  35  3:52  Starport Reactor  
  36  3:58  Orbital Command  
  36  3:59  Supply Depot  
  36  4:02  SCV  
  37  4:17  SCV  
  37  4:18  Command Center  
  38  4:24  SCV  
  38  4:29  Engineering Bay, SCV  
  40  4:36  SCV  
  40  4:37  Hellion x2  
  45  4:41  Liberator  
  45  4:43  SCV  
  49  4:51  Armory  
  49  4:56  Barracks Tech Lab  
  49  4:57  SCV x2  
  51  5:09  Supply Depot, SCV x2  
  51  5:13  Refinery  
  53  5:18  Supply Depot  
  53  5:21  SCV x2  
  55  5:33  SCV x2  
  57  5:36  Refinery  
  57  5:38  Siege Tank  
  57  5:39  Cyclone  
  57  5:40  Viking  
  57  5:41  Viking  
  57  5:42  Supply Depot  
  66  5:45  SCV x2  
  68  5:50  Missile Turret  
  68  5:57  SCV  
  68  5:58  SCV  
  68  6:04  Missile Turret  
  70  6:08  Planetary Fortress  
  70  6:10  SCV x2  
  72  6:20  Liberator  
  72  6:22  Hellion  
  72  6:23  Hellion  
  79  6:27  Command Center  
  79  6:30  Refinery  
  79  6:31  Factory  
  79  6:38  Armory  
  79  6:41  Terran Vehicle Weapons Level 1  
  79  6:43  SCV x2  
  81  6:49  SCV  
  82  6:55  SCV x2  
  82  6:57  Refinery  
  82  6:58  Cyclone x2  
  82  7:01  Hurricane Engines, SCV  
  88  7:07  SCV  
  90  7:13  SCV  
  91  7:25  SCV  
  91  7:26  Sensor Tower  
  91  7:29  Cyclone x2  
  96  7:30  Cyclone x2  
  96  7:35  Starport  
  100  7:39  Factory  
  100  7:51  Supply Depot  
  100  7:54  Terran Ship Weapons Level 1  
  100  7:57  SCV x3  
  103  8:09  SCV x3  
  103  8:10  Hellion  
  103  8:11  Hellion x3  
  114  8:14  Starport Tech Lab, Supply Depot  
  114  8:19  Liberator  
  117  8:21  SCV x2, Planetary Fortress  
  117  8:22  SCV  
  120  8:32  Supply Depot x2  
  120  8:33  Supply Depot, SCV  
  120  8:34  SCV x2  
  123  8:36  Supply Depot x2  
  123  8:38  Terran Vehicle Weapons Level 2  
  123  8:40  Factory Tech Lab  
  123  8:44  Siege Tank  
  126  9:01  Sensor Tower  
  117  9:07  Missile Turret  
  117  9:11  Viking x2  
  121  9:19  Fusion Core  
  121  9:23  Supply Depot, Hi-Sec Auto Tracking  
  121  9:25  Hellion  
  121  9:26  Hellion  
  121  9:27  SCV  
  121  9:30  Refinery  
  126  9:35  Hellion  
  126  9:36  Hellion x2  
  132  9:40  Supply Depot  
  132  9:49  Supply Depot  
  132  9:51  Sensor Tower  
  132  9:55  Refinery  
  132  9:59  Supply Depot  
  132  10:07  Terran Ship Weapons Level 2  
  132  10:10  Thor x2  
  132  10:11  Missile Turret  
  132  10:13  Cyclone, Supply Depot  
  146  10:15  Supply Depot  
  146  10:17  Advanced Ballistics  
  146  10:20  Neosteel Armor  
  146  10:22  Supply Depot  
  146  10:24  Battlecruiser  
  152  10:31  SCV x3  
  152  10:32  SCV  
  156  10:39  Supply Depot  
  156  10:43  SCV x2  
  158  10:57  Command Center, SCV  
  158  10:59  Command Center  
  158  11:02  Terran Vehicle And Ship Armor Level 1  
  159  11:09  SCV  
  160  11:18  Starport  
  160  11:21  SCV  
  160  11:22  Thor  
  160  11:24  Thor  
  173  11:26  Hellion  
  175  11:33  SCV  
  176  11:45  SCV  
  157  12:00  Starport Tech Lab, Battlecruiser  
  153  12:02  Liberator  
  153  12:06  Cyclone x3  
  153  12:07  Cyclone x2  
  166  12:09  SCV  
  167  12:17  Smart Servos, Infernal Pre-Igniter  
  167  12:22  SCV  
  168  12:23  Terran Vehicle Weapons Level 3  
  168  12:32  Battlecruiser  
  174  12:38  Cyclone x3  
  174  12:39  Cyclone, Hellion  
  184  12:49  Factory  
  184  12:50  Supply Depot  
  184  12:51  Weapon Refit, Factory  
  184  13:01  Hellion  
  175  13:10  Hellion  
  175  13:11  Hellion  
  147  13:26  Hellion, Cyclone x2  
  153  13:32  Cyclone x2  
  153  13:33  Missile Turret, Planetary Fortress  
  157  13:35  Planetary Fortress  
  157  13:36  SCV  
  157  13:37  Command Center, SCV x3  
  157  13:38  Missile Turret  
  161  13:46  Missile Turret  
  161  13:47  Cyclone  
  163  13:49  SCV x4  
  167  13:58  Cyclone  
  167  13:59  Cyclone  
  167  14:01  SCV x4  
  175  14:04  Cyclone x2  
  179  14:10  Missile Turret, Factory  
  179  14:12  Missile Turret  
  179  14:13  Factory, SCV x3  
  179  14:16  Missile Turret  
  182  14:19  Cyclone  
  182  14:24  Terran Ship Weapons Level 3  
  184  14:30  Battlecruiser x2  
  184  14:31  Cyclone  
  198  14:34  Refinery  
  184  15:00  Terran Vehicle And Ship Armor Level 2  
  164  15:11  Cyclone  
  164  15:12  Cyclone x4  
  168  15:19  Viking  
  168  15:20  Viking  
  172  15:34  Viking x2  
  148  15:44  Cyclone x2  
  148  15:49  Viking  
  133  15:50  Viking  
  133  15:56  Cyclone x3  
  141  16:04  Viking x2  
  141  16:09  SCV  
  146  16:13  Factory Tech Lab  
  146  16:14  Factory Reactor  
  146  16:16  Cyclone x2  
  150  16:21  SCV  
  151  16:28  Cyclone x2  
  151  16:30  Planetary Fortress  
  155  16:33  SCV  
  156  16:42  Cyclone x2  
  156  16:43  Command Center  
  156  16:45  Battlecruiser, SCV, Liberator  
  156  16:46  Banshee  
  173  16:48  Cyclone x2  
  169  16:57  SCV  
  169  17:00  Cyclone x2  
  144  17:10  Cyclone x2  
  144  17:14  Cyclone x2  
  152  17:20  Cyclone, Hellion  
  156  17:24  Supply Depot  
  156  17:25  Supply Depot  
  156  17:30  Supply Depot  
  156  17:33  Hellion x2  
  160  17:42  Hellion  
  160  17:43  Hellion x2  
  166  17:44  Viking  
  166  17:45  Viking x2  
  166  17:47  Hellion x2  
  166  17:49  Viking  
  178  17:52  Hellion  
  178  17:54  Hellion x2  
  178  17:56  Planetary Fortress  
  184  18:03  Hellion  
  184  18:04  Hellion x2  
  190  18:08  Hellion x2  
  194  18:14  Hellion, Viking  
  194  18:15  Hellion  
  198  18:24  Hellion  
  198  18:26  Hellion x2  
  166  18:29  Hellion  
  166  18:30  Hellion  
  166  18:32  Hellion  
  168  18:35  Hellion  
  168  18:37  Hellion  
  172  18:46  Hellion  
  172  18:47  Hellion x2  
  178  18:50  Viking  
  178  18:51  Hellion x2  
  178  18:53  Hellion  
  186  18:56  Hellion  
  186  18:58  Hellion  
  190  19:07  Hellion  
  190  19:08  Hellion x2  
  196  19:12  Hellion x2  
  198  19:27  Command Center  
Tags
 
Composition
Mech
Matchup
TvZ
Opening
Pool First
Replay Pack
2025 replay dump
Spawn Locations
Cross Positions
Add a new tag
Caveats
  • Supply blocks, unpowered buildings, or Contaminate may cause inaccurate times.
  • Supply counts are checked every 10 seconds.